 Dungeon Crawl Stone Soup version 0.26.1-2-gb8aa6d0cf2 (webtiles) character file.

Game seed: 4295791403586341897

58 Dagix the Shield-Bearer (level 4, -7/41 HPs)
             Began as a Gnoll Fighter on Feb 11, 2021.
             Mangled by an orc warrior
             ... wielding a +0 dire flail
              (13 damage)
             ... on level 2 of the Dungeon.
             The game lasted 00:04:38 (875 turns).

Dagix the Shield-Bearer (Gnoll Fighter)              Turns: 875, Time: 00:04:39

Health: -7/41      AC: 12    Str: 19    XL:     4   Next: 2%
Magic:  5/5        EV:  4    Int: 11    God:
Gold:   68         SH: 10    Dex: 14    Spells: 5/5 levels left

rFire    . . .     SeeInvis .   a - +0 long sword
rCold    . . .     Faith    .   c - +0 kite shield
rNeg     . . .     Spirit   .   j - +0 plate armour
rPois    .         Reflect  .   (no helmet)
rElec    .         Harm     .   (no cloak)
rCorr    .         Rampage  .   (no gloves)
Will     .....                  (no boots)
Stlth    ..........             (no amulet)
HPRegen  0.13/turn              (no ring)
MPRegen  0.09/turn              (no ring)

@: no status effects
A: distributed training, fangs 1, strong nose
a: no special abilities


You were on level 2 of the Dungeon.
You visited 1 branch of the dungeon, and saw 2 of its levels.

You collected 68 gold pieces.

Inventory:

Hand Weapons
 a - a +0 long sword (weapon)
Armour
 b - a +0 scale mail
 c - a +0 kite shield (worn)
 h - a +0 ring mail
 j - a +0 plate armour (worn)
Scrolls
 e - a scroll of teleportation {unknown}
 f - 3 scrolls of remove curse {unknown}
 g - 2 scrolls of enchant armour {unknown}
 k - a scroll of fog {unknown}
 l - a scroll of identify {unknown}
Potions
 d - a potion of might
 i - a potion of flight {unknown}


   Skills:
 + Level 6.5 Fighting
 + Level 1.0 Short Blades
 + Level 4.6 Long Blades
 + Level 1.0 Axes
 + Level 1.0 Maces & Flails
 + Level 1.0 Polearms
 + Level 1.0 Staves
 + Level 1.0 Slings
 + Level 1.0 Bows
 + Level 1.0 Crossbows
 + Level 1.0 Throwing
 + Level 6.5 Armour
 + Level 1.0 Dodging
 + Level 1.0 Stealth
 + Level 6.5 Shields
 + Level 1.0 Unarmed Combat
 + Level 1.0 Spellcasting
 + Level 0.7 Conjurations
 + Level 0.7 Hexes
 + Level 0.7 Summonings
 + Level 0.7 Necromancy
 + Level 0.7 Translocations
 + Level 0.7 Transmutations
 + Level 0.7 Fire Magic
 + Level 0.7 Ice Magic
 + Level 0.7 Air Magic
 + Level 0.7 Earth Magic
 + Level 0.7 Poison Magic
 + Level 1.1 Invocations
 + Level 1.0 Evocations


You had 5 spell levels left.
You didn't know any spells.
Your spell library was empty.

Dungeon Overview and Level Annotations

Branches:
Dungeon (2/15)

Altars:


Innate Abilities, Weirdness & Mutations

Your experience applies equally to all skills.
You have very sharp teeth.
Your uncanny sense of smell can sniff out nearby items.


Message History

Something hits you. You block the orc warrior's attack.
You barely miss the orc warrior.
You bite the orc warrior, but do no damage.
Something hits you but does no damage.
The orc warrior hits you with a +0 dire flail.
You barely miss the orc warrior. Something hits you but does no damage.
The orc warrior hits you with a +0 dire flail.
Something hits you.
You hit the orc warrior. Your bite misses the orc warrior.
The orc warrior is lightly wounded.
The orc warrior hits you with a +0 dire flail!
* * * LOW HITPOINT WARNING * * *
Something hits you but does no damage.
You hit the orc warrior but do no damage.
The orc warrior is lightly wounded.
Something hits you but does no damage.
The orc warrior hits you but does no damage.
You miss something. Something hits you but does no damage.
The orc warrior hits you with a +0 dire flail!
You die...

#....#
#.###.##
###..#
#...#)# #
#.###.# ∆
#. #.# .#
#. #)# .##
#.#.#.#####
#.@{......
##o#.####.
#B#.# #). .
### ##


You could see an orc warrior and a giant cockroach.

Vanquished Creatures
  A gnoll (D:1)
  2 adders (D:2)
  A worm (D:2)
  A dart slug (D:1)
  An orc (D:2)
  2 giant cockroaches (D:1)
  5 goblins (D:1)
  3 hobgoblins
  2 bats
  3 frilled lizards
  3 kobolds
  5 rats
29 creatures vanquished.

Notes
Turn   | Place    | Note
-------+----------+-------------------------------------------
     0 | D:1      | Dagix the Gnoll Fighter began the quest for the Orb.
     0 | D:1      | Reached XP level 1. HP: 23/23 MP: 1/1
    59 | D:1      | Reached XP level 2. HP: 24/29 MP: 2/2
   342 | D:1      | Reached XP level 3. HP: 27/35 MP: 3/3
   548 | D:2      | Reached skill level 1 in Invocations
   755 | D:2      | Reached skill level 1 in Short Blades
   755 | D:2      | Reached skill level 1 in Axes
   755 | D:2      | Reached skill level 1 in Maces & Flails
   755 | D:2      | Reached skill level 1 in Polearms
   755 | D:2      | Reached skill level 1 in Staves
   755 | D:2      | Reached skill level 1 in Slings
   755 | D:2      | Reached skill level 1 in Bows
   755 | D:2      | Reached skill level 1 in Crossbows
   755 | D:2      | Reached skill level 1 in Throwing
   755 | D:2      | Reached skill level 1 in Dodging
   755 | D:2      | Reached skill level 1 in Stealth
   755 | D:2      | Reached skill level 1 in Unarmed Combat
   755 | D:2      | Reached skill level 1 in Spellcasting
   755 | D:2      | Reached skill level 1 in Evocations
   863 | D:2      | Noticed an orc warrior
   864 | D:2      | Reached XP level 4. HP: 41/41 MP: 5/5
   875 | D:2      | Mangled by an orc warrior

Illustrated notes

Levels and vault maps discovered:
D:1:      sevenhm_arrival_forest_fort_small_4, layout_basic,
          minmay_curled_crystal, minmay_cupped
D:2:      layout_loops_cross, nicolae_gozag_cash_rules_everything_around_me

Skill      XL: |  1  2  3 |
---------------+----------+-----
Invocations    | 1 |  1.1
Short Blades   | 1 |  1.0
Axes           | 1 |  1.0
Maces & Flails | 1 |  1.0
Polearms       | 1 |  1.0
Staves         | 1 |  1.0
Slings         | 1 |  1.0
Bows           | 1 |  1.0
Crossbows      | 1 |  1.0
Throwing       | 1 |  1.0
Dodging        | 1 |  1.0
Stealth        | 1 |  1.0
Unarmed Combat | 1 |  1.0
Spellcasting   | 1 |  1.0
Evocations     | 1 |  1.0
Fighting       | |  6.5
Long Blades    | |  4.6
Armour         | |  6.5
Shields        | |  6.5
Conjurations   | |  0.7
Hexes          | |  0.7
Summonings     | |  0.7
Necromancy     | |  0.7
Translocations | |  0.7
Transmutations | |  0.7
Fire Magic     | |  0.7
Ice Magic      | |  0.7
Air Magic      | |  0.7
Earth Magic    | |  0.7
Poison Magic   | |  0.7

Action                   |  1- 3 |  4- 6 || total
-------------------------+-------+-------++-------
Melee: Long sword        |    83 |     9 ||    92
       Bite              |     9 |     1 ||    10
Armor: Scale mail        |    26 |       ||    26
       Plate armour      |    24 |     8 ||    32
Dodge: Dodged            |    13 |     1 ||    14
Block: Kite shield       |    54 |     3 ||    57
       Rpst.: Long sword |     3 |       ||     3
